 Dungeon Crawl Stone Soup version 0.22-a0-117-g314b907 (webtiles) character file.

1417 TheGoonsmith the Grave Robber (level 8, -6/58 HPs)
             Began as a Gnoll Necromancer on Jan 29, 2018.
             Was a Follower of Cheibriados.
             Shot with an arrow by a centaur (10 damage)
             ... on level 7 of the Dungeon.
             The game lasted 00:11:41 (6699 turns).

TheGoonsmith the Grave Robber (Gnoll Necromancer)   Turns: 6699, Time: 00:11:41

Health: -6/58      AC:  9    Str: 13    XL:     8   Next: 71%
Magic:  11/17      EV: 14    Int: 20    God:    Cheibriados [*.....]
Gold:   25         SH:  0    Dex: 19    Spells: 12/19 levels left

rFire    . . .     SeeInvis .   I - +3 flail (protect)
rCold    . . .     Gourm    .   (no shield)
rNeg     . . .     Faith    .   t - +1 ring mail
rPois    .         Spirit   .   F - +2 helmet
rElec    .         Reflect  .   (no cloak)
rCorr    .         Harm     .   (no gloves)
MR       .....                  (no boots)
Stlth    +++.......             (no amulet)
HPRegen  0.19/turn              (no ring)
MPRegen  0.15/turn              (no ring)

@: very slow
A: distributed training, fangs 1, strong nose
a: Bend Time, Renounce Religion


You were on level 7 of the Dungeon.
You worshipped Cheibriados.
Cheibriados was aware of your devotion.
You were not hungry.

You visited 2 branches of the dungeon, and saw 8 of its levels.

You collected 311 gold pieces.
You spent 286 gold pieces at shops.

Inventory:

Hand Weapons
 d - a +0 club
 l - a +1 short sword of protection
 s - a +3 flail of protection
 w - a +2 dagger of venom
 I - a +3 flail of protection (weapon)
Missiles
 m - 65 sling bullets
 n - 10 javelins (quivered)
 r - 4 needles of paralysis
 D - 3 curare-tipped needles
 H - 7 needles of confusion
Armour
 a - a +0 robe
 t - a +1 ring mail (worn)
 A - a +0 chain mail
 F - a +2 helmet (worn)
Jewellery
 g - an uncursed ring of fire
Wands
 C - a wand of acid (4)
Scrolls
 f - 2 scrolls of identify
 i - 3 scrolls of remove curse
 k - a scroll of fear
 o - 4 scrolls of teleportation
 p - 3 scrolls of magic mapping
 G - a scroll of amnesia
Potions
 h - 4 potions of haste
 j - 2 potions of might
 q - 3 potions of flight
 u - a potion of mutation
 v - a potion of ambrosia
 x - 3 potions of lignification
 z - 3 potions of heal wounds
 B - a potion of cancellation {unknown}
 E - 5 potions of curing
 K - a potion of agility
 L - a potion of berserk rage
Books
 b - a book of Necromancy

   Spells                             Type                      Level
   a - Pain                           Necromancy                   1
   b - Animate Skeleton               Necromancy                   1
   c - Vampiric Draining              Necromancy                   3
   d - Regeneration                   Charms/Necromancy            3
   e - Animate Dead                   Necromancy                   4
Comestibles
 c - 14 rations


   Skills:
 + Level 3.4 Fighting
 + Level 3.4 Short Blades
 + Level 3.4 Long Blades
 + Level 3.4 Axes
 + Level 3.4 Maces & Flails
 + Level 3.4 Polearms
 + Level 3.4 Staves
 + Level 3.4 Slings
 + Level 3.4 Bows
 + Level 3.4 Crossbows
 + Level 3.4 Throwing
 + Level 3.4 Armour
 + Level 5.8 Dodging
 + Level 5.5 Stealth
 + Level 3.4 Shields
 + Level 3.4 Unarmed Combat
 + Level 6.1 Spellcasting
 + Level 2.8 Conjurations
 + Level 2.8 Hexes
 + Level 2.8 Charms
 + Level 2.8 Summonings
 + Level 7.7 Necromancy
 + Level 2.8 Translocations
 + Level 2.8 Transmutations
 + Level 2.8 Fire Magic
 + Level 2.8 Ice Magic
 + Level 2.8 Air Magic
 + Level 2.8 Earth Magic
 + Level 2.8 Poison Magic
 + Level 3.8 Invocations
 + Level 3.4 Evocations


You had 12 spell levels left.
You knew the following spells:

 Your Spells              Type           Power        Failure   Level  Hunger
a - Pain                  Necr           ####         1%          1    None
s - Vampiric Draining     Necr           #####.....   2%          3    ##.....
z - Regeneration          Chrm/Necr      ####......   7%          3    ##.....


Dungeon Overview and Level Annotations

Branches:
Dungeon (7/15)             Temple (1/1) D:5

Altars:
Ashenzari
Cheibriados
Dithmenos
Elyvilon
Fedhas
Hepliaklqana
Nemelex Xobeh
Qazlal
Ru
Trog
Wu Jian
Xom
Yredelemnul

Shops:
D:6 !


Innate Abilities, Weirdness & Mutations

Your experience applies equally to all skills.
You have very sharp teeth.
Your uncanny sense of smell can sniff out nearby items.


Message History

Press: ? - help, Shift-Dir - straight line, f/p - centaur
Aim: a centaur, wielding an enchanted shortbow (heavily wounded, chance to defeat MR: 84%)
The centaur writhes in agony!
The centaur shoots an arrow.
The arrow hits you but does no damage.
The centaur shoots an arrow.
The arrow hits you!
* * * LOW HITPOINT WARNING * * *
Casting: Pain (safe; 1% risk of failure)
Confirm with . or Enter, or press ? or * to list all spells.
Aiming: Pain (safe; 1% risk of failure)
Press: ? - help, Shift-Dir - straight line, f/p - centaur
Aim: a centaur, wielding an enchanted shortbow (severely wounded, chance to defeat MR: 84%)
The centaur writhes in agony!
The centaur shoots an arrow.
The arrow hits you!
* * * LOW HITPOINT WARNING * * *
Casting: Pain (safe; 1% risk of failure)
Confirm with . or Enter, or press ? or * to list all spells.
Aiming: Pain (safe; 1% risk of failure)
Press: ? - help, Shift-Dir - straight line, f/p - centaur
Aim: a centaur, wielding an enchanted shortbow (almost dead, chance to defeat MR: 84%)
The centaur writhes in agony!
The centaur shoots an arrow.
The arrow hits you!
You die...

#.#
##.#
#..#
#.##
#.#
#(#
#.#
#(#
#@#
#.#
#.#
#.#
.c#
.#.
. .
#. #


You could see a centaur.

Vanquished Creatures
  Edmund (D:5)
  2 sky beasts (D:5)
  A phantom (D:4)
  An ogre (D:4)
  A bullfrog (D:5)
  A scorpion (D:6)
  A bullfrog zombie (D:5)
  A centaur zombie (D:5)
  A quasit (D:6)
  A bullfrog skeleton (D:5)
  2 orc priests
  A jelly (D:6)
  4 hounds
  2 orc wizards
  An iguana (D:4)
  5 worker ants
  Terence (D:2)
  10 adders
  A howler monkey skeleton (D:6)
  2 oozes (D:1)
  An adder skeleton (D:5)
  An adder zombie (D:6)
  7 worms
  2 dart slugs
  6 leopard geckos
  17 orcs
  9 giant cockroaches
  8 goblins
  4 hobgoblins
  7 jackals
  8 quokkas
  4 ball pythons
  8 bats
  6 frilled lizards
  9 kobolds
  10 rats
147 creatures vanquished.

Notes
Turn   | Place    | Note
-------+----------+-------------------------------------------
     0 | D:1      | TheGoonsmith the Gnoll Necromancer began the quest for the Orb.
     0 | D:1      | Reached XP level 1. HP: 13/13 MP: 6/6
   254 | D:1      | Reached XP level 2. HP: 19/19 MP: 5/7
   685 | D:1      | Reached XP level 3. HP: 23/25 MP: 5/9
   690 | D:1      | Reached skill level 5 in Spellcasting
   897 | D:1      | Reached skill level 1 in Invocations
  1060 | D:2      | Learned a level 3 spell: Vampiric Draining
  1073 | D:2      | Found a faded altar of an unknown god.
  1458 | D:2      | Reached skill level 1 in Fighting
  1458 | D:2      | Reached skill level 1 in Short Blades
  1458 | D:2      | Reached skill level 1 in Long Blades
  1458 | D:2      | Reached skill level 1 in Axes
  1458 | D:2      | Reached skill level 1 in Maces & Flails
  1458 | D:2      | Reached skill level 1 in Polearms
  1458 | D:2      | Reached skill level 1 in Staves
  1458 | D:2      | Reached skill level 1 in Slings
  1458 | D:2      | Reached skill level 1 in Bows
  1458 | D:2      | Reached skill level 1 in Crossbows
  1458 | D:2      | Reached skill level 1 in Throwing
  1458 | D:2      | Reached skill level 1 in Armour
  1458 | D:2      | Reached skill level 1 in Shields
  1458 | D:2      | Reached skill level 1 in Unarmed Combat
  1458 | D:2      | Reached skill level 1 in Evocations
  1460 | D:2      | Reached XP level 4. HP: 27/32 MP: 4/11
  1807 | D:2      | Noticed Terence
  1811 | D:2      | Killed Terence
  1811 | D:2      | Reached skill level 1 in Conjurations
  1811 | D:2      | Reached skill level 1 in Hexes
  1811 | D:2      | Reached skill level 1 in Charms
  1811 | D:2      | Reached skill level 1 in Summonings
  1811 | D:2      | Reached skill level 1 in Translocations
  1811 | D:2      | Reached skill level 1 in Transmutations
  1811 | D:2      | Reached skill level 1 in Fire Magic
  1811 | D:2      | Reached skill level 1 in Ice Magic
  1811 | D:2      | Reached skill level 1 in Air Magic
  1811 | D:2      | Reached skill level 1 in Earth Magic
  1811 | D:2      | Reached skill level 1 in Poison Magic
  1865 | D:2      | Reached XP level 5. HP: 36/37 MP: 9/12
  2862 | D:3      | Reached XP level 6. HP: 41/44 MP: 8/13
  3675 | D:4      | Reached skill level 5 in Dodging
  3765 | D:4      | Found a blossoming altar of Fedhas.
  3768 | D:4      | Noticed a phantom
  3940 | D:4      | Killed a phantom
  4038 | D:4      | Reached XP level 7. HP: 49/50 MP: 12/15
  4163 | D:4      | Learned a level 3 spell: Regeneration
  4591 | D:5      | Entered Level 5 of the Dungeon
  4675 | D:5      | Found a staircase to the Ecumenical Temple.
  4702 | Temple   | Entered the Ecumenical Temple
  4845 | Temple   | Became a worshipper of Cheibriados the Contemplative
  4878 | D:5      | Reached skill level 5 in Stealth
  5020 | D:5      | Reached XP level 8. HP: 34/57 MP: 4/16
  5479 | D:5      | Noticed Edmund
  5489 | D:5      | Killed Edmund
  5817 | D:6      | Reached * piety under Cheibriados
  5957 | D:6      | Found Haggoleg's Distillery.
  5965 | D:6      | Bought a potion of curing for 39 gold pieces
  5965 | D:6      | Bought a potion of agility for 52 gold pieces
  5965 | D:6      | Bought a potion of berserk rage for 65 gold pieces
  5965 | D:6      | Bought a potion of lignification for 39 gold pieces
  5965 | D:6      | Bought a potion of might for 52 gold pieces
  5965 | D:6      | Bought a potion of curing for 39 gold pieces
  6699 | D:7      | Shot with an arrow by a centaur

Vault maps used:
D:1:      erik_arrival_gehennom
D:2:      kb_forest_paths, chequers_ecumenical_altar_simple, uniq_terence
D:4:      lemuel_doored_altar
D:5:      minmay_temple_entry_statues, first_ration, uniq_edmund
D:6:      serial_shops, nicolae_shop_temple_entry_statues_fountains
D:7:      grunt_temple_overflow_lords_of_destruction
Temple:   regret_index_temple_generic_petals

Skill      XL: |  1  2  3  4  5  6  7  8 |
---------------+-------------------------+-----
Spellcasting   | 5 6 |  6.1
Invocations    | 1 2 3 |  3.8
Fighting       | 1 2 3 |  3.4
Short Blades   | 1 2 3 |  3.4
Long Blades    | 1 2 3 |  3.4
Axes           | 1 2 3 |  3.4
Maces & Flails | 1 2 3 |  3.4
Polearms       | 1 2 3 |  3.4
Staves         | 1 2 3 |  3.4
Slings         | 1 2 3 |  3.4
Bows           | 1 2 3 |  3.4
Crossbows      | 1 2 3 |  3.4
Throwing       | 1 2 3 |  3.4
Armour         | 1 2 3 |  3.4
Shields        | 1 2 3 |  3.4
Unarmed Combat | 1 2 3 |  3.4
Evocations     | 1 2 3 |  3.4
Conjurations   | 1 2 |  2.8
Hexes          | 1 2 |  2.8
Charms         | 1 2 |  2.8
Summonings     | 1 2 |  2.8
Translocations | 1 2 |  2.8
Transmutations | 1 2 |  2.8
Fire Magic     | 1 2 |  2.8
Ice Magic      | 1 2 |  2.8
Air Magic      | 1 2 |  2.8
Earth Magic    | 1 2 |  2.8
Poison Magic   | 1 2 |  2.8
Dodging        | 5 |  5.8
Stealth        | 5 |  5.5
Necromancy     | |  7.7

Action                   |  1- 3 |  4- 6 |  7- 9 || total
-------------------------+-------+-------+-------++-------
Melee: Flail             |       |    21 |    67 ||    88
       Bite              |       |     2 |     6 ||     8
       Punch             |       |       |     1 ||     1
Throw: Javelin           |       |     6 |       ||     6
 Cast: Pain              |    66 |   126 |   139 ||   331
       Regeneration      |       |       |     4 ||     4
Evoke: Wand              |       |     3 |     2 ||     5
  Use: Scroll            |       |    13 |     3 ||    16
 Stab: Distracted        |       |       |     1 ||     1
  Eat: Chunk             |     1 |     8 |     8 ||    17
Armor: Robe              |     2 |     6 |     4 ||    12
       Ring mail         |       |       |    63 ||    63
Dodge: Dodged            |     1 |    23 |    83 ||   107

Table legend:
 A = Spawn XP
 B = Non-spawn XP
 C = Spawn XP percentage of total XP
 D = Spawn monster count
 E = Non-spawn monster count
 F = Spawn count percentage of total count
 G = Total turns spent on level
                    A         B        C        D         E        F      G
               +---------+---------+-------+---------+---------+-------+---------
         Total |       0 |    2025 |   0.0 |       0 |     147 |   0.0 |  6699
               +---------+---------+-------+---------+---------+-------+---------
           D:1 |       0 |      59 |   0.0 |       0 |      32 |   0.0 |  1055
           D:2 |       0 |     117 |   0.0 |       0 |      30 |   0.0 |  1387
           D:3 |       0 |     234 |   0.0 |       0 |      32 |   0.0 |  1252
           D:4 |       0 |     503 |   0.0 |       0 |      15 |   0.0 |   897
           D:5 |       0 |     773 |   0.0 |       0 |      20 |   0.0 |  1022
           D:6 |       0 |     326 |   0.0 |       0 |      17 |   0.0 |   878
           D:7 |       0 |      13 |   0.0 |       0 |       1 |   0.0 |    38
               +---------+---------+-------+---------+---------+-------+---------
